 Dungeon Crawl Stone Soup version 0.28-a0-1415-g7c84da036a (webtiles) character file.

Game seed: 9029792410093926220

37 voltaire321 the Cudgeller (level 3, -7/22 HPs)
             Began as a Gargoyle Gladiator on Jan 8, 2022.
             Mangled by an ogre (26 damage)
             ... on level 2 of the Dungeon.
             The game lasted 00:03:49 (1775 turns).

voltaire321 the Cudgeller (Gargoyle Gladiator)      Turns: 1775, Time: 00:03:49

Health: -7/22      AC: 14    Str: 19    XL:     3   Next: 39%
Magic:  3/3        EV:  6    Int:  8    God:
Gold:   46         SH:  0    Dex: 11    Spells: 2/2 levels left

rFire   . . .      SeeInvis .   a - +0 flail
rCold   . . .      Faith    .   (no shield)
rNeg    + . .      Spirit   .   f - +0 plate armour
rPois   ∞          Reflect  .   c - +0 helmet
rElec   +          Harm     .   (no cloak)
rCorr   .          Rampage  .   (no gloves)
Will    .....                   (no boots)
Stlth   ..........              (no amulet)
HPRegen 0.07/turn               (no ring)
MPRegen 0.08/turn               (no ring)

@: no status effects
A: sickness immunity, AC +3, negative energy resistance 1, electricity
resistance, torment resistance 1, petrification resistance
a: no special abilities


You were on level 2 of the Dungeon.
You visited 1 branch of the dungeon, and saw 2 of its levels.

You collected 46 gold pieces.

Inventory:

Hand Weapons
 a - a +0 flail (weapon)
Missiles
 d - 3 throwing nets (quivered)
 h - 2 javelins
 i - 7 poisoned darts
Armour
 b - a +0 leather armour
 c - a +0 helmet (worn)
 f - a +0 plate armour (worn)
Wands
 j - a wand of iceblast (12)
Scrolls
 e - a scroll of teleportation {unknown}
 l - a scroll of summoning {unknown}
 m - a scroll of identify {unknown}
Potions
 g - a potion of might {unknown}
 k - a potion of degeneration {unknown}


   Skills:
 + Level 2.7 Fighting
 + Level 3.3 Maces & Flails
 + Level 2.2 Throwing
 + Level 1.0 Armour
 + Level 2.7 Dodging


You had 2 spell levels left.
You didn't know any spells.
Your spell library contained the following spells:

 Spells                   Type           Power      Damage    Failure   Level
 Sting                    Tmut/Pois      0%         1d3       100%        1


Dungeon Overview and Level Annotations

Branches:
Dungeon (2/15)

Altars:


Innate Abilities, Weirdness & Mutations

You are immune to sickness and miasma.
Your stone body is resilient. (AC +3)
You are immune to poison.
You resist negative energy. (rN+)
You are resistant to electric shocks. (rElec)
You are resistant to unholy torment.
You are immune to petrification.


Message History

An ogre comes into view. It is wielding a +0 giant spiked club.
The hobgoblin hits you but does no damage.
You closely miss the hobgoblin.
The hobgoblin is moderately wounded.
The hobgoblin hits you but does no damage.
You barely miss the hobgoblin.
The hobgoblin is moderately wounded.
The hobgoblin hits you but does no damage. x2
You hit the hobgoblin but do no damage.
The hobgoblin is moderately wounded.
The hobgoblin hits you but does no damage.
You hit the hobgoblin.
You kill the hobgoblin!
The quokka bites you.
You hit the quokka but do no damage.
The quokka bites you but does no damage.
You hit the quokka.
The quokka is almost dead.
The quokka barely misses you.
You closely miss the quokka.
The quokka is almost dead.
The quokka bites you but does no damage. x2
You hit the quokka.
You kill the quokka!
You miss the goblin. The goblin hits you but does no damage.
The goblin barely misses you.
You barely miss the goblin. The goblin closely misses you.
You sock the goblin!
You kill the goblin!
The rat bites you but does no damage.
You hit the rat.
You kill the rat!
You sock the ogre!
The ogre is moderately wounded.
The ogre hits you but does no damage.
You completely miss the ogre.
The ogre is moderately wounded.
The ogre hits you with a +0 giant spiked club!!
Ouch! That really hurt!
You die...

#..# ...
#..# ...
#..# ....
#..# ...
#..# #
..#
#..#.#
#.#
#....#
#.##.##.#
#@..# .#
# #O####
# . #.. #
#.#.
#.#.. ..#
#. # ###
.. . .. #


You could see an ogre.

Vanquished Creatures
  4 ball pythons (D:1)
  An endoplasm (D:1)
  2 giant cockroaches
  5 goblins
  6 hobgoblins
  A quokka (D:2)
  5 bats (D:1)
  4 frilled lizards
  6 rats
34 creatures vanquished.

Notes
Turn   | Place    | Note
-------+----------+-------------------------------------------
     0 | D:1      | voltaire321 the Gargoyle Gladiator began the quest for the
                  | Orb.
     0 | D:1      | Reached XP level 1. HP: 12/12 MP: 1/1
   189 | D:1      | Found a faded altar of an unknown god.
   213 | D:1      | Got Plato's Handbook of Contamination
   220 | D:1      | Reached XP level 2. HP: 18/18 MP: 2/2
   885 | D:1      | Reached XP level 3. HP: 19/22 MP: 3/3
  1268 | D:1      | Reached skill level 1 in Armour
  1761 | D:2      | Noticed an ogre
  1775 | D:2      | Mangled by an ogre

Illustrated notes

Levels and vault maps discovered:
D:1:      dpeg_arrival_chambers_temple_mockup, layout_rooms,
          shapermc_ecumenical_altar_rom_forum, bh_walls_and_bars
D:2:      layout_loops_ring

Skill      XL: |  1  2  3 |
---------------+----------+-----
Throwing       | 2 |  2.2
Armour         | 1 |  1.0
Fighting       | |  2.7
Maces & Flails | |  3.3
Dodging        | |  2.7

Action                   || total
-------------------------++-------
Melee: Flail             ||   161
       Punch             ||     1
Armor: Plate armour      ||   169
       Leather armour    ||     8
Dodge: Dodged            ||    72

Table legend: (Time is in decaauts)
 A = Elapsed time spent in this place.
 B = Non-inter-level travel time spent in this place.
 C = Inter-level travel time spent in this place.
 D = Time resting spent in this place.
 E = Time spent auto-exploring this place.
 F = Levels seen in this place.
 G = Mean time per level.
                   A        B        C        D        E       F      G
               +--------+--------+--------+--------+--------+-----+--------+
         Total |   1813 |   1739 |     74 |    509 |    821 |   2 |  906.5 |
       Dungeon |   1813 |   1739 |     74 |    509 |    821 |   2 |  906.5 |
               +--------+--------+--------+--------+--------+-----+--------+

Top non-repeatable levels by time:
     D:1: 1491 daAuts
     D:2: 321 daAuts
